 Dungeon Crawl Stone Soup version 0.32-a0-712-g515539a (webtiles) character file.

Game seed: 14066283441929916303

6539 PidgeyThePirate the Skirmisher (level 11, -7/86 HPs)
             Began as a Coglin Hunter on Mar 15, 2024.
             Was a High Priest of Okawaru.
             Mangled by a yak (12 damage)
             ... on level 9 of the Dungeon.
             The game lasted 00:22:04 (9054 turns).

PidgeyThePirate the Skirmisher (Coglin Hunter)      Turns: 9054, Time: 00:22:05

Health: -7/86      AC: 10    Str: 12    XL:     11   Next: 1%
Magic:  9/9        EV: 11    Int: 13    God:    Okawaru [*****.]
Gold:   454        SH:  0    Dex: 19    Spells: 10/10 levels left

rFire   . . .        a - +2 sling (flame) {Ernst}
rCold   . . .        d - +0 sling (drain) {Titus}
rNeg    . . .        s - +0 acid dragon scales
rPois   .            (no helmet)
rElec   .            (no cloak)
rCorr   +            (no gloves)
SInv    .            u - +2 pair of boots
Will    .....        (amulet unavailable)
Stlth   ++           (ring unavailable)
HPRegen 0.00/turn    (ring unavailable)
MPRegen 0.11/turn    (no gizmo)

%: no passive effects
@: inhibited regen, revving
A: off-hand wielding, slow wielding, warmup strikes, no jewellery, clever 1, low
MP 1, inhibited regeneration
a: Invent Gizmo, Renounce Religion, Heroism, Finesse, Duel


You were on level 9 of the Dungeon.
You worshipped Okawaru.
Okawaru was extremely pleased with you.
You visited 2 branches of the dungeon, and saw 10 of its levels.
You also visited: Bailey.

You collected 454 gold pieces.

Inventory:

Hand Weapons
 a - a +2 sling of flaming (weapon) {Ernst}
 d - a +0 sling of draining (offhand) {Titus}
Missiles
 v - a throwing net
Armour
 c - a +1 leather armour
 s - +0 acid dragon scales (worn)
 u - a +2 pair of boots (worn)
Wands
 i - a wand of flame (23)
 t - a wand of polymorph (33)
 w - a wand of paralysis (8)
Scrolls
 b - 2 scrolls of butterflies
 e - 7 scrolls of enchant weapon
 f - a scroll of brand weapon
 h - 2 scrolls of immolation
 j - 2 scrolls of amnesia
 k - a scroll of fog
 m - 3 scrolls of poison
 q - a scroll of identify
Potions
 g - 4 potions of might
 l - 2 potions of lignification
 n - 4 potions of brilliance
 p - a potion of resistance
 x - a potion of attraction
 B - 12 potions of degeneration


   Skills:
 + Level 7.9 Fighting
 + Level 12.8 Ranged Weapons
 + Level 3.7 Armour
 + Level 3.1 Dodging
 + Level 1.4 Stealth


You had 10 spell levels left.
You didn't know any spells.
Your spell library contained the following spells:

 Spells                   Type           Power      Damage    Failure   Level
 Necrotise                Necr           0%         1d4       41%         1
 Ensorcelled Hibernation  Hex/Ice        0%         N/A       56%         2
 Fugue of the Fallen      Necr           0%         N/A       80%         3
 Vampiric Draining        Necr           0%         2d6       80%         3
 Anguish                  Hex/Necr       0%         N/A       99%         4
 Curse of Agony           Necr           0%         N/A       100%        5
 Martyr's Knell           Necr/Summ      Unusable   N/A       N/A         4

Dungeon Overview and Level Annotations

Branches:
Dungeon (9/15)             Temple (1/1) D:4             Orc (0/2) D:9
 Bailey (visited)
   Lair: D:8-11

Altars:
Ashenzari
Cheibriados
Dithmenos
Fedhas
Gozag
Hepliaklqana
Kikubaaqudgha
Makhleb
Nemelex Xobeh
Okawaru
Qazlal
Ru
Sif Muna
Trog
Uskayaw
Vehumet
Wu Jian
Xom
Yredelemnul
Zin
The Shining One

Shops:
D:1 (   D:3 (   D:7 *   D:9 (

Annotations:
D:7 3 runed translucent doors, Toastz's ghost, novice MDNe


Innate Abilities, Weirdness & Mutations

You can wield a second weapon in your off-hand.
It takes a long time for you to wield or remove held weapons.
Your first few attacks do less damage.
You cannot equip rings or amulets.
Your mind is acute. (Int +4, Str/Dex -1)
Your magical capacity is low. (-10% MP)
You do not regenerate when monsters are visible.


Message History

Unknown command.
You shoot a sling bullet.
The sling bullet hits the yak but does no damage.
The yak is severely wounded.
You shoot a sling bullet. The sling bullet hits the yak.
The yak is almost dead.
The yak gores you. The yak closely misses you. The yak gores you!
Unknown command.
You shoot a sling bullet.
The sling bullet hits the yak but does no damage.
The yak is almost dead.
You shoot a sling bullet.
The sling bullet closely misses the yak.
Unknown command.
Okay, then.
As you read the scroll labelled LAKOCOI LEDD, it crumbles to dust.
You hear a loud clanging noise!
It was a scroll of noise.
The yak closely misses you. The yak gores you. The yak misses you. x2
As you read the scroll labelled ROKHLO AHOL, it crumbles to dust.
Your body is wracked with pain!
The yak convulses! x3
It was a scroll of torment.
The yak gores you.
* * * LOW HITPOINT WARNING * * *
The yak gores you.
* * * LOW HITPOINT WARNING * * *
The yak barely misses you. The yak gores you!
* * * LOW HITPOINT WARNING * * *
Okay, then.
Okay, then.
The yak gores you.
* * * LOW HITPOINT WARNING * * *
The yak attacks as it pursues you! The yak gores you.
* * * LOW HITPOINT WARNING * * *
Okay, then.
Okay, then.
Aiming: Duel (91% risk of failure)
Press: ? - help, Dir - move target, f - yak, p - yak
Aim: a yak (severely wounded, lightly drained)
You fail to use your ability.
The yak barely misses you. The yak gores you!
You die...

#########.....##. #
##................ #.
##.................
.##..................
....................
#..!...............
#.†Y...............
###YYY...............
####...@................
......†.................
....<#..................
.### #.........##.......
#..............#.##
#.............##.#
##............##.##
#............##.#.
#.#<........#.....


You could see 4 yaks.

Vanquished Creatures
  A two-headed ogre (D:8)
  Erica (D:8)
  A troll (D:9)
  A hornet (D:7)
  2 yaks (D:9)
  2 acid dragons (D:8)
  2 water moccasins
  12 orc warriors
  A swamp drake (D:9)
  An ice beast (D:5)
  An ogre (D:6)
  2 centaurs
  2 bullfrogs (D:7)
  A gnoll sergeant (D:8)
  8 scorpions
  9 wights
  9 killer bees
  6 orc priests
  2 bombardier beetles
  2 hounds
  A jelly (D:6)
  10 orc wizards
  2 sleepcaps
  2 iguanas
  Natasha (thrice) (D:2)
  7 adders
  9 gnolls
  2 shadow imps (D:6)
  A white imp (D:7)
  2 ufetubi (D:5)
  4 ribbon worms
  54 orcs
  5 endoplasms
  6 giant cockroaches
  12 goblins
  7 hobgoblins
  2 jackals (D:1)
  4 kobolds
  A quokka (D:2)
  7 ball pythons
  6 bats
  4 frilled lizards
  6 rats
223 creatures vanquished.

Notes
Turn   | Place    | Note
-------+----------+-------------------------------------------
     0 | D:1      | PidgeyThePirate the Coglin Hunter began the quest for the
                  | Orb.
     0 | D:1      | Reached XP level 1. HP: 16/16 MP: 1/1
    83 | D:1      | Reached skill level 4 in Ranged Weapons
    83 | D:1      | Reached XP level 2. HP: 22/22 MP: 2/2
   153 | D:1      | Found Ijykkorch's Weapon Emporium.
   322 | D:1      | Reached XP level 3. HP: 20/27 MP: 3/3
   855 | D:2      | Noticed Natasha
   861 | D:2      | Killed Natasha
   862 | D:2      | Reached XP level 4. HP: 34/34 MP: 4/4
   979 | D:2      | Noticed Natasha
   985 | D:2      | Killed Natasha
   986 | D:2      | Reached skill level 5 in Ranged Weapons
  1189 | D:2      | Noticed Natasha
  1194 | D:2      | Killed Natasha
  1195 | D:2      | Reached XP level 5. HP: 39/39 MP: 5/5
  1745 | D:3      | Reached skill level 6 in Ranged Weapons
  1745 | D:3      | Reached XP level 6. HP: 46/46 MP: 6/6
  1815 | D:3      | Found Laotirph's Weapon Boutique.
  1933 | D:4      | Found a staircase to the Ecumenical Temple.
  1958 | Temple   | Entered the Ecumenical Temple
  1973 | Temple   | Became a worshipper of Warmaster Okawaru
  2023 | D:4      | Reached skill level 1 in Armour
  2343 | D:4      | Reached XP level 7. HP: 45/51 MP: 7/7
  2379 | D:4      | Reached skill level 7 in Ranged Weapons
  2696 | D:5      | Entered Level 5 of the Dungeon
  2836 | D:5      | Identified the +4 flail of Ryudiex {holy, Str+3}
  2893 | D:5      | Reached * piety under Okawaru
  2990 | D:5      | Identified the +0 robe of Patterns {Dex+2}
  3018 | D:5      | Reached skill level 1 in Stealth
  3463 | D:5      | Identified the +9 dagger "Aghioda" {venom, rCorr Dex+4}
  3469 | D:5      | Identified the +6 whip of Rukufa {flame, rC+ Int+2 Dex+4}
  3517 | D:6      | Reached XP level 8. HP: 58/60 MP: 8/8
  3572 | D:6      | Reached ** piety under Okawaru
  3662 | D:6      | Reached skill level 8 in Ranged Weapons
  4841 | D:7      | Found a runed translucent gate.
  4842 | D:7      | Found a runed translucent gate.
  4843 | D:7      | Found a runed translucent gate.
  4847 | D:7      | Noticed Toastz's ghost (novice MDNe)
  4848 | D:7      | Noticed a spectral unseen horror
  4946 | D:7      | Noticed a hornet
  4952 | D:7      | Paralysed by a hornet for 2 turns
  4955 | D:7      | Killed a hornet
  4955 | D:7      | Reached *** piety under Okawaru
  4956 | D:7      | Reached skill level 9 in Ranged Weapons
  5047 | D:7      | Reached XP level 9. HP: 43/67 MP: 9/9
  5061 | D:7      | Reached skill level 5 in Fighting
  5451 | D:7      | Found Gilar Era's Gadget Gallery.
  5544 | D:7      | Reached skill level 10 in Ranged Weapons
  6163 | D:8      | Noticed a two-headed ogre
  6174 | D:8      | Killed a two-headed ogre
  6174 | D:8      | Reached **** piety under Okawaru
  6261 | D:8      | Reached skill level 11 in Ranged Weapons
  6277 | D:8      | Reached XP level 10. HP: 18/76 MP: 10/10
  6359 | D:8      | Noticed Erica
  6377 | D:8      | Gained mutation: Your spells are a little harder to cast,
                  | but a little more powerful. [potion of mutation]
  6377 | D:8      | Gained mutation: You have a pair of small horns on your
                  | head. [potion of mutation]
  6521 | D:8      | Found a flagged portal.
  6531 | Bailey   | Entered a bailey
  6712 | Bailey   | Lost mutation: You have a pair of small horns on your head.
                  | [potion of mutation]
  6712 | Bailey   | Lost mutation: Your spells are a little harder to cast, but
                  | a little more powerful. [potion of mutation]
  6712 | Bailey   | Gained mutation: You do not regenerate when monsters are
                  | visible. [potion of mutation]
  6712 | Bailey   | Gained mutation: Potions are less effective at restoring
                  | your health. [potion of mutation]
  6712 | Bailey   | Gained mutation: You expend magic power (3 MP) to
                  | strengthen your wands. [potion of mutation]
  6712 | Bailey   | Gained mutation: Your mind is acute. (Int +4, Str/Dex -1)
                  | [potion of mutation]
  6915 | Bailey   | Noticed an orc knight
  7548 | D:8      | Killed Erica
  7667 | D:8      | Reached ***** piety under Okawaru
  7668 | D:8      | Reached skill level 12 in Ranged Weapons
  8191 | D:8      | Lost mutation: Potions are less effective at restoring your
                  | health. [potion of mutation]
  8191 | D:8      | Lost mutation: You expend magic power (3 MP) to strengthen
                  | your wands. [potion of mutation]
  8191 | D:8      | Gained mutation: Your magical capacity is low. (-10% MP)
                  | [potion of mutation]
  8653 | D:9      | Found Jalogop's Antique Weapon Emporium.
  8767 | D:9      | Found a staircase to the Orcish Mines.
  9042 | D:9      | Reached XP level 11. HP: 86/86 MP: 9/9
  9054 | D:9      | Mangled by a yak

Illustrated notes

Levels and vault maps discovered:
D:1:      eino_arrival_cavern_c, layout_rooms, serial_shops,
          nicolae_shop_just_a_little_nook, chequers_serial_rivers_micro_b,
          minivault_19, minmay_worlds_worst_comb
D:2:      layout_loops_ring, uniq_natasha
D:3:      layout_loops_cross, serial_shops, shop
D:4:      layout_loops_ring, minmay_temple_entry_glass,
          kennysheep_generic_room_2
D:5:      layout_loops_ring
D:6:      layout_basic, hangedman_decor_opposing, kennysheep_generic_room_15
D:7:      layout_basic, gammafunk_ghost_necromancy, minmay_misc_feat_diagonals,
          minivault_24, st_stairs_5, nicolae_shop_gadgets
D:8:      layout_loops_corners, enter_bailey_3, kennysheep_doodads, uniq_erica
D:9:      layout_rooms, erik_orc_1, serial_corexii_hall,
          chequers_hall_statues_wall_a, chequers_hall_statues_y,
          corexii_hall_statues_x, corexii_hall_statues_t, serial_shops,
          nicolae_shop_scrapyard
Temple:   nicolae_temple_bog_church

Skill      XL: |  1  2  3  4  5  6  7  8  9 10 |
---------------+-------------------------------+-----
Ranged Weapons | 4 5 6 7 9 11 12 | 12.8
Armour         | 1 2 3 |  3.7
Dodging        | 2 3 |  3.1
Fighting       | 3 4 6 7 |  7.9
Stealth        | 1 |  1.4

Action                     |  1- 3 |  4- 6 |  7- 9 | 10-12 || total
---------------------------+-------+-------+-------+-------++-------
  Melee: Sling             |       |       |       |     4 ||     4
   Fire: Sling             |   140 |   216 |   602 |   510 ||  1468
    Use: Scroll            |       |       |     8 |     5 ||    13
         Potion            |       |       |     4 |    15 ||    19
 Armour: Leather armour    |     7 |     9 |    73 |    59 ||   148
         Skin              |       |       |    11 |     6 ||    17
         Acid dragon scale |       |       |       |    45 ||    45
  Dodge: Dodged            |     7 |    22 |    57 |    91 ||   177

Table legend: (Time is in decaauts)
 A = Elapsed time spent in this place.
 B = Non-inter-level travel time spent in this place.
 C = Inter-level travel time spent in this place.
 D = Time resting spent in this place.
 E = Time spent auto-exploring this place.
 F = Levels seen in this place.
 G = Mean time per level.
                   A        B        C        D        E       F      G
               +--------+--------+--------+--------+--------+-----+--------+
         Total |   9077 |   8539 |    538 |      0 |   6812 |  11 |  825.2 |
       Dungeon |   8630 |   8092 |    538 |      0 |   6585 |   9 |  958.9 |
        Temple |     32 |     32 |      0 |      0 |      0 |   1 |   32.0 |
        Bailey |    415 |    415 |      0 |      0 |    227 |   1 |  415.0 |
               +--------+--------+--------+--------+--------+-----+--------+

Top non-repeatable levels by time:
     D:8: 1768 daAuts
     D:6: 1324 daAuts
     D:7: 1286 daAuts
     D:5: 814 daAuts
     D:2: 754 daAuts
     D:4: 739 daAuts
     D:9: 725 daAuts
     D:3: 690 daAuts
     D:1: 527 daAuts
  Bailey: 415 daAuts
  Temple: 32 daAuts
